 Dungeon Crawl Stone Soup version 0.30-a0-1053-gbd8d5ba0ad (webtiles) character file.

Game seed: 9423139478284717057

267158 gelatine the Severer (level 19, -24/155 HPs)
             Began as a Demonspawn Fighter on Apr 11, 2023.
             Annihilated by an azure jelly (42 damage)
             ... on level 1 of the Pits of Slime on Apr 12, 2023.
             The game lasted 02:42:09 (37129 turns).

gelatine the Severer (Demonspawn Fighter)          Turns: 37129, Time: 02:42:10

Health: -24/155    AC: 38    Str: 25    XL:     19   Next: 34%
Magic:  28/28      EV: 17    Int: 10    God:
Gold:   4024       SH: 14    Dex: 17    Spells: 27/31 levels left

rFire   + + +      SeeInvis +    a - +7 broad axe (venom)
rCold   . . .      Faith    .    N - +1 kite shield
rNeg    + . .      Spirit   .    r - +3 plate armour {Will+}
rPois   .          Reflect  .    (helmet unavailable)
rElec   +          Rampage  .    j - +2 cloak
rCorr   +          Rage     3%   A - +3 pair of gauntlets of War {Slay+5}
Will    ++...                    q - +2 pair of boots Stlth
                                 V - amulet of regeneration
HPRegen 1.25/turn                l - +5 ring of evasion
MPRegen 0.21/turn                w - ring of Sevuach {rElec rF++ rN+ rCorr Str+3}

@: sanguine armoured, on berserk cooldown, slowed, very slow
A: antennae 3, demonic guardian 3, foul stench 2, augmentation 1, sanguine
armour 2, thin skeletal structure 1, berserk 1, fire resistance 1, screaming 1,
MP-powered wands
}: 2/15 runes: decaying, gossamer
a: no special abilities


You were on level 1 of the Pits of Slime.
You visited 8 branches of the dungeon, and saw 34 of its levels.
You also visited: Bailey and Gauntlet.

You collected 4024 gold pieces.

Inventory:

Hand Weapons
 a - a +7 broad axe of venom (weapon)
 b - a +2 war axe of flaming
 R - the +10 trident "Vatoipim" {drain, Dex+4}
   (You took it off a deep elf zephyrmancer on level 2 of the Elven Halls)

   Dex:       It affects your dexterity (+4).
Missiles
 g - 4 boomerangs (quivered)
 K - 6 javelins
 S - 2 throwing nets
Armour
 j - a +2 cloak (worn)
 q - a +2 pair of boots (worn)
 r - a +3 plate armour of willpower (worn)
 A - the +3 pair of gauntlets of War (worn) {Slay+5}
   (You acquired it on level 7 of the Dungeon)

   Slay:      It affects your accuracy & damage with ranged weapons and melee
   (+5).
 D - +0 swamp dragon scales
 J - a +0 robe of the Archmagi
 N - a +1 kite shield (worn)
 Q - a +8 plate armour of ponderousness
 W - a scarf of invisibility
Jewellery
 c - a ring of positive energy
 e - a ring of poison resistance
 i - a ring of wizardry
 k - a ring of resist corrosion
 l - a +5 ring of evasion (left hand)
 w - the ring of Sevuach (right hand) {rElec rF++ rN+ rCorr Str+3}
   (You found it in a bailey)

   [ring of positive energy]

   Str:       It affects your strength (+3).
   rF:        It greatly protects you from fire.
   rElec:     It insulates you from electricity.
   rN:        It protects you from negative energy.
   rCorr:     It protects you from acid and corrosion.
 F - the ring "Zyozxir" {Fire Will+}
   (You found it on level 4 of the Dungeon)

   [ring of fire]

   It enhances your fire magic.
   rF:        It protects you from fire.
   rC:        It makes you vulnerable to cold.
   Will:      It increases your willpower.
 M - a +4 ring of protection
 V - an amulet of regeneration (around neck)
Wands
 p - a wand of digging (2)
 s - a wand of flame (79)
 y - a wand of mindburst (45)
 L - a wand of roots (41)
 X - a wand of charming (27)
 Z - a wand of quicksilver (7)
Scrolls
 d - 5 scrolls of fog
 m - a scroll of fear
 u - a scroll of blinking
 v - a scroll of silence
 E - 8 scrolls of magic mapping
 P - 10 scrolls of teleportation
 T - 5 scrolls of enchant armour
 Y - 3 scrolls of poison
Potions
 h - 6 potions of cancellation
 n - a potion of heal wounds
 t - 5 potions of ambrosia
 x - 2 potions of resistance
 z - 4 potions of haste
 B - 8 potions of curing
 C - 7 potions of brilliance
 H - 2 potions of invisibility
 I - a potion of flight
 O - 4 potions of might
Miscellaneous
 f - a box of beasts (inert)
 o - a tin of tremorstones (2/2)
 G - a lightning rod (4/4)
 U - a phial of floods


   Skills:
 * Level 15.4 Fighting
 - Level 18.0 Axes
 + Level 6.4 Throwing
 * Level 11.8 Armour
 * Level 12.2 Dodging
 + Level 3.2 Stealth
 * Level 14.0 Shields
 * Level 6.6 Spellcasting
 * Level 6.4 Poison Magic
 + Level 6.2 Evocations


You had 27 spell levels left.
You knew the following spells:

 Your Spells              Type           Power      Damage    Failure   Level
a - Olgreb's Toxic Radia  Pois           16%        N/A       94%         4

Your spell library contained the following spells:

 Spells                   Type           Power      Damage    Failure   Level
 Cigotuvi's Dreadful Rot  Necr/Pois/Air  14%        N/A       91%         2
 Spider Form              Tmut/Pois      9%         N/A       95%         3
 Apportation              Tloc           6%         N/A       98%         1
 Foxfire                  Conj/Fire      12%        2x1d4     98%         1
 Necrotise                Necr           12%        1d4       98%         1
 Summon Small Mammal      Summ           12%        N/A       98%         1
 Ensorcelled Hibernation  Hex/Ice        6%         N/A       99%         2
 Ignite Poison            Fire/Tmut/Pois 7%         N/A       99%         3
 Mephitic Cloud           Conj/Pois/Air  7%         N/A       99%         3
 Call Canine Familiar     Summ           3%         N/A       100%        3
 Dazzling Flash           Conj/Hex       6%         N/A       100%        3
 Portal Projectile        Hex/Tloc       6%         N/A       100%        3
 Summon Guardian Golem    Hex/Summ       3%         N/A       100%        3
 Vhi's Electric Charge    Tloc/Air       6%         N/A       100%        3
 Anguish                  Hex/Necr       1%         N/A       100%        4
 Ice Form                 Ice/Tmut       3%         N/A       100%        4
 Leda's Liquefaction      Hex/Erth       1%         N/A       100%        4
 Agony                    Necr           3%         N/A       100%        5
 Alistair's Intoxication  Tmut/Pois      6%         N/A       100%        5
 Arcjolt                  Conj/Air       1%         1d11      100%        5
 Fireball                 Conj/Fire      1%         3d3       100%        5
 Freezing Cloud           Conj/Ice/Air   1%         6-21      100%        5
 Iskenderun's Battlesphe  Conj           3%         2d6       100%        5
 Lee's Rapid Deconstruct  Erth           1%         3d4*      100%        5
 Silence                  Hex/Air        1%         N/A       100%        5
 Summon Mana Viper        Hex/Summ       3%         N/A       100%        5
 Conjure Ball Lightning   Conj/Air       1%         3x3d6     100%        6
 Plasma Beam              Fire/Air       1%         2x1d12    100%        6
 Simulacrum               Ice/Necr       1%         N/A       100%        6
 Starburst                Conj/Fire      1%         6d3       100%        6
 Statue Form              Tmut/Erth      2%         N/A       100%        6
 Haunt                    Necr/Summ      1%         N/A       100%        7
 Orb of Destruction       Conj           1%         9d5       100%        7
 Ozocubu's Refrigeration  Ice            1%         4d7       100%        7
 Polar Vortex             Ice            1%         N/A       100%        9


Dungeon Overview and Level Annotations

Branches:
Dungeon (15/15)            Temple (1/1) D:5            Lair (5/5) D:10
  Swamp (4/4) Lair:3       Spider (4/4) Lair:3        Slime (1/5) Lair:4
    Orc (2/2) D:12            Elf (2/3) Orc:2        Vaults (0/5) D:13
 Depths (0/4) D:15         Bailey (visited)         Gauntlet (visited)

Altars:
Ashenzari
Cheibriados
Dithmenos
Fedhas
Gozag
Hepliaklqana
Kikubaaqudgha
Makhleb
Nemelex Xobeh
Okawaru
Qazlal
Ru
Sif Muna
Trog
Uskayaw
Vehumet
Wu Jian
Xom
Yredelemnul

Shops:
D:12 *   Orc:2 :[(=

Annotations:
D:15 Roxanne
Orc:1 4 transporters


Innate Abilities, Weirdness & Mutations

You have a pair of large antennae on your head. (SInv)
A powerful demonic guardian rushes to your aid.
You sometimes emit foul miasma when damaged in melee.
Your magical and physical power is slightly enhanced at high health.
When seriously injured, your blood forms thick armour. (AC +9)
You have a somewhat thin skeletal structure. (Dex +2, Stealth+)
You sometimes lose your temper in combat.
Your flesh is heat resistant. (rF+)
You occasionally shout uncontrollably at your foes.
You expend magic power (3 MP) to strengthen your wands.


Message History

You slice the quicksilver ooze!!
You kill the quicksilver ooze!
The ooze engulfing you falls away.
You gasp with relief as air once again reaches your lungs.
Unknown command.
You throw a boomerang.
The boomerang hits the azure jelly but does no damage.
The azure jelly hits you. The azure jelly freezes you!!!
Your blood congeals into armour.
The azure jelly barely misses you. You block the azure jelly's attack. x2
You slash the azure jelly!
The azure jelly is lightly wounded.
You block the azure jelly's attack. The azure jelly closely misses you.
The azure jelly hits you but does no damage.
You block the azure jelly's attack.
A shining eye comes into view.
The azure jelly hits you but does no damage.
You block the azure jelly's attack. The azure jelly completely misses you.
The azure jelly misses you.
You slice the azure jelly!!
The azure jelly is heavily wounded.
The azure jelly hits you. The azure jelly freezes you!!
* * * LOW HITPOINT WARNING * * *
The azure jelly hits you but does no damage.
The azure jelly barely misses you.
The azure jelly hits you but does no damage.
You closely miss the azure jelly.
The azure jelly is heavily wounded.
You block the azure jelly's attack. The azure jelly hits you.
* * * LOW HITPOINT WARNING * * *
The azure jelly freezes you!!
* * * LOW HITPOINT WARNING * * *
A demonic guardian appears!
The azure jelly misses you. You block the azure jelly's attack.
An acid blob comes into view.
The azure jelly hits you but does no damage.
The azure jelly hits you.
* * * LOW HITPOINT WARNING * * *
The azure jelly freezes you!!!
You die...

..........#.## ......
#............##.........
..........#.## ..G......
.............# .........
.............##...#...#.
..............##.#......
..............2.........
.........##.........#...
.........##.....@J...#
.....##..#.#.##......#
............######...J..
...........# ......
............ .....
.......... .....
.#........ .... ......
.... ......


You could see an acid blob, an azure jelly (ally target), a shining eye and a
friendly lorocyproca (summoned, invisible).

Vanquished Creatures
  Jorgrun (Spider:1)
  Asterion (Spider:2)
  A tentacled starspawn (Lair:5)
  Agnes (Spider:2)
  4 thorn hunters
  Kirke (Lair:5)
  A fenstrider witch (Swamp:2)
  An azure jelly (Slime:1)
  6 emperor scorpions (Spider:4)
  2 ghost moths
  A deep elf sorcerer (Elf:1)
  Aizul (Spider:3)
  A quicksilver ooze (Slime:1)
  A stone giant (Orc:1)
  2 deep elf demonologists
  3 eleionomae
  Azrael (Spider:3)
  A minotaur (Gauntlet)
  2 spark wasps
  A deep elf death mage (Elf:1)
  A merfolk impaler (Orc:1)
  2 deep elf high priests
  An entropy weaver (Spider:4)
  Erolcha (D:10)
  The ghost of Wuagoi the Thaumaturge, a journeyman DrVM of Vehumet (Orc:1)
  13 hydras
  2 ghost crabs
  3 catoblepae (Lair:5)
  3 ogre magi
  Erica (D:10)
  4 centaur warriors
  6 boulder beetles
  2 radroaches
  7 alligators
  6 death yaks (Lair:5)
  15 two-headed ogres
  A death scarab (Spider:1)
  22 dancing weapons
  5 tengu warriors
  17 deep elf knights
  4 spriggan berserkers (Elf:2)
  A skyshark (Lair:5)
  A fire crab (Lair:5)
  8 pharaoh ants
  8 skeletal warriors
  2 deep trolls (Orc:2)
  A glowing orange brain (Gauntlet)
  2 sun moths
  17 swamp dragons
  4 goliath frogs
  A death drake (shapeshifter) (Elf:2)
  5 spriggan druids
  7 orb spiders
  8 deep elf archers
  3 bog bodies
  4 steelbarb worms
  3 orc knights
  23 deep elf pyromancers
  A mana viper (shapeshifter) (D:13)
  A shining eye (Slime:1)
  26 deep elf zephyrmancers
  3 orc sorcerers (Orc:1)
  16 ugly things
  19 wolf spiders
  2 cyclopes (Orc:2)
  3 manticores
  A salamander (shapeshifter) (Elf:1)
  A cyclops (shapeshifter) (D:13)
  5 moths of wrath
  4 will-o-the-wisps
  29 elephants
  A rust devil (Gauntlet)
  Maurice (Orc:1)
  3 black mambas
  A gargoyle (D:12)
  4 demonic crawlers
  6 cane toads
  An eye of devastation (Slime:1)
  An unseen horror (D:12)
  7 torpor snails
  2 kobold demonologists
  An efreet (D:15)
  10 komodo dragons
  3 rime drakes
  A tengu conjurer (D:14)
  2 freezing wraiths
  15 trolls
  3 meliai
  3 polar bears
  A meliai (shapeshifter) (D:15)
  10 tarantellas
  11 hornets
  21 blink frogs
  A raiju (shapeshifter) (D:13)
  4 tyrant leeches
  14 slime creatures
  14 culicivoras
  A water elemental (Elf:2)
  A ynoxinul (Gauntlet)
  27 jumping spiders
  11 spriggans
  2 vampires
  8 wraiths
  4 wyverns
  9 fire elementals
  4 basilisks
  39 yaks
  Eustachio (D:6)
  5 golden eyes (Slime:1)
  A human (Lair:5)
  A neqoxec (Gauntlet)
  4 hogs (Lair:5)
  12 vampire mosquitoes
  3 chaos spawn (Gauntlet)
  2 wargs (Orc:2)
  20 swamp worms
  51 redbacks
  3 acid dragons
  3 hell hounds (Spider:3)
  16 water moccasins
  31 orc warriors
  3 black bears
  9 swamp drakes (Swamp:4)
  A sky beast (D:8)
  25 ogres
  18 wolves (Lair:3)
  10 centaurs
  A phantom (D:5)
  3 lemures (D:6)
  2 kobold brigands
  2 earth elementals (Elf:1)
  13 bullfrogs
  2 scorpions (D:7)
  3 gnoll sergeants
  3 wights (D:8)
  11 killer bees
  6 electric eels
  2 howler monkeys
  8 orc priests
  3 hounds
  A gnoll bouda (D:6)
  3 iron imps (Gauntlet)
  5 iguanas
  Ijyb (D:3)
  A sleepcap (D:5)
  17 orc wizards
  8 hell rats (Lair:1)
  10 gnolls
  7 adders
  14 river rats (Lair:1)
  2 shadow imps (D:8)
  3 white imps
  An ufetubus (D:5)
  A worm (D:2)
  2 dart slugs (D:2)
  86 orcs
  8 ball pythons
  5 bats
  6 endoplasms
  5 giant cockroaches
  8 goblins
  5 hobgoblins
  15 kobolds
  9 quokkas
  A frilled lizard (D:1)
  16 rats
  3 briar patches (Swamp:3)
1127 creatures vanquished.

Vanquished Creatures (collateral kills)
  A frost giant (D:15)
  An emperor scorpion (Spider:2)
  A bunyip (Swamp:1)
  A merfolk javelineer (Orc:1)
  An entropy weaver (Spider:1)
  4 hydras
  A tengu warrior (Orc:1)
  3 alligators (Swamp:4)
  2 spriggans (Swamp:2)
  4 skeletal warriors (D:11)
  An orb spider (Spider:1)
  A deep elf archer (Elf:1)
  Pikel (D:6)
  2 wolf spiders
  2 deep elf pyromancers
  4 deep elf zephyrmancers (Elf:1)
  A manticore (Lair:5)
  An elephant (Lair:5)
  A demonic crawler (Spider:3)
  A cane toad (Lair:3)
  A rime drake (Lair:3)
  A troll (Orc:2)
  A meliai (Spider:4)
  3 tarantellas
  2 hornets (Swamp:2)
  3 blink frogs (Lair:3)
  A slime creature (D:7)
  2 jumping spiders (Spider:1)
  7 yaks
  A steam dragon (D:8)
  A vampire mosquito (Swamp:2)
  A swamp worm (Lair:3)
  Edmund (D:5)
  An orc warrior (D:8)
  An ice beast (D:8)
  3 wolves (Lair:3)
  3 centaurs
  A lemure (D:6)
  An earth elemental (Elf:2)
  A gnoll sergeant (D:8)
  3 orc priests (D:6)
  A gnoll bouda (D:5)
  An iguana (D:7)
  3 gnolls (D:5)
  An adder (D:3)
  4 orcs
  2 endoplasms (D:3)
  A ball python (D:4)
86 creatures vanquished.

Vanquished Creatures (others)
  A thorn hunter (Swamp:2)
  A centaur warrior (Orc:1)
  A deep elf pyromancer (Elf:1)
  A tyrant leech (Swamp:4)
  3 bloated husks
  A jumping spider (Spider:3)
  A spriggan (Swamp:2)
  An orc warrior (Orc:1)
  An orc wizard (Orc:1)
  3 briar patches (Swamp:3)
  25 demonic plants (Gauntlet)
  16 foxfires
  44 fungi
  44 plants
  2 starspawn tentacles (Lair:5)
145 creatures vanquished.

Grand Total: 1358 creatures vanquished

Notes
Turn   | Place    | Note
-------+----------+-------------------------------------------
     0 | D:1      | gelatine the Demonspawn Fighter began the quest for the
                  | Orb.
     0 | D:1      | Reached XP level 1. HP: 18/18 MP: 1/1
   438 | D:1      | Found a faded altar of an unknown god.
   724 | D:2      | Gained mutation: A weak demonic guardian rushes to your
                  | aid. [demonic ancestry]
   724 | D:2      | Reached XP level 2. HP: 24/24 MP: 2/2
   894 | D:2      | Reached skill level 2 in Axes
   911 | D:2      | Reached XP level 3. HP: 29/29 MP: 3/3
  1542 | D:3      | Noticed Ijyb
  1559 | D:3      | Killed Ijyb
  1560 | D:3      | Reached XP level 4. HP: 20/35 MP: 4/4
  1753 | D:3      | Reached skill level 3 in Axes
  2637 | D:4      | Gained mutation: A demonic guardian rushes to your aid.
                  | [demonic ancestry]
  2637 | D:4      | Reached XP level 5. HP: 39/41 MP: 5/5
  2692 | D:4      | Identified the ring "Zyozxir" {Fire Will+}
  2831 | D:4      | Reached skill level 1 in Dodging
  3002 | D:5      | Entered Level 5 of the Dungeon
  3317 | D:5      | Found a transporter.
  3326 | D:5      | Noticed a centaur
  3334 | D:5      | Killed a centaur
  3335 | D:5      | Reached skill level 4 in Axes
  3335 | D:5      | Reached XP level 6. HP: 20/48 MP: 6/6
  3735 | D:5      | Found a staircase to the Ecumenical Temple.
  4022 | D:5      | Found a transporter.
  4111 | D:5      | Gained mutation: You may rarely emit foul miasma when
                  | damaged in melee. [demonic ancestry]
  4111 | D:5      | Reached XP level 7. HP: 52/54 MP: 7/7
  4125 | D:5      | Noticed Edmund
  4138 | D:5      | Killed Edmund
  4139 | D:5      | Reached skill level 5 in Axes
  4471 | D:6      | Noticed Pikel
  4482 | D:6      | Killed Pikel
  4483 | D:6      | Reached skill level 6 in Axes
  4483 | D:6      | Gained mutation: You have a pair of small antennae on your
                  | head. [demonic ancestry]
  4483 | D:6      | Reached XP level 8. HP: 13/61 MP: 8/8
  4498 | D:6      | HP: 1/61 [orc priest/divine providence (13)]
  4821 | D:6      | Noticed Eustachio
  4829 | D:6      | Killed Eustachio
  4879 | D:6      | Reached skill level 5 in Fighting
  5047 | D:6      | Found a broken altar of Ashenzari.
  5307 | D:7      | Identified a scroll of acquirement
  5307 | D:7      | Acquired the +3 pair of gauntlets of War {Slay+5}
  5307 | D:7      | Found the +3 pair of gauntlets of War {Slay+5}
  5312 | D:7      | Reached skill level 7 in Axes
  5336 | D:7      | Reached XP level 9. HP: 44/68 MP: 9/9
  5438 | D:7      | Noticed a deep elf pyromancer
  5441 | D:7      | Noticed a troll
  5452 | D:7      | Killed a troll
  5454 | D:7      | Noticed a manticore
  5470 | D:7      | Killed a deep elf pyromancer
  5471 | D:7      | Reached skill level 8 in Axes
  5471 | D:7      | Reached skill level 5 in Shields
  5633 | D:7      | Found an opulent altar of Gozag.
  5633 | D:7      | Found a shadowy altar of Dithmenos.
  5735 | D:7      | Found a flagged portal.
  5745 | Bailey   | Entered a bailey
  5773 | Bailey   | Reached skill level 5 in Armour
  5906 | Bailey   | Reached skill level 9 in Axes
  6066 | Bailey   | Reached skill level 5 in Dodging
  6095 | Bailey   | Gained mutation: You have a pair of antennae on your head.
                  | [demonic ancestry]
  6095 | Bailey   | Reached XP level 10. HP: 26/76 MP: 10/10
  6346 | Bailey   | Noticed an orc knight
  6371 | Bailey   | Killed an orc knight
  6372 | Bailey   | Reached skill level 1 in Stealth
  6373 | Bailey   | Identified the ring of Sevuach {rElec rF++ rN+ rCorr Str+3}
  6620 | D:7      | Reached skill level 10 in Axes
  6620 | D:7      | Gained mutation: You have a pair of large antennae on your
                  | head. (SInv) [demonic ancestry]
  6620 | D:7      | Reached XP level 11. HP: 84/84 MP: 10/14
  6849 | D:7      | Found a radiant altar of Vehumet.
  6938 | D:7      | Noticed a green ugly thing
  6949 | D:7      | Killed a green ugly thing
  7107 | D:7      | Got the Spellbook of Filth
  7132 | D:7      | Learned a level 4 spell: Olgreb's Toxic Radiance
  7262 | D:8      | Reached skill level 1 in Poison Magic
  8294 | D:8      | Noticed a two-headed ogre
  8312 | D:8      | Killed a two-headed ogre
  8314 | D:8      | HP: 4/86 [water moccasin (6)]
  9436 | D:9      | Reached skill level 11 in Axes
  9904 | D:9      | Noticed a two-headed ogre
  9917 | D:9      | Killed a two-headed ogre
 10268 | D:9      | Found a bloodstained altar of Trog.
 10268 | D:9      | Found a burning altar of Makhleb.
 10285 | D:9      | Gained mutation: When seriously injured, your blood forms
                  | armour. (AC +9) [demonic ancestry]
 10285 | D:9      | Reached XP level 12. HP: 66/92 MP: 16/16
 10644 | D:10     | Entered Level 10 of the Dungeon
 10804 | D:10     | Found a staircase to the Lair.
 10831 | D:10     | Noticed Erica
 10842 | D:10     | Killed Erica
 11587 | D:10     | Noticed Erolcha
 11604 | D:10     | Killed Erolcha
 11823 | Lair:1   | Entered Level 1 of the Lair of Beasts
 11911 | Lair:1   | You fall into a shaft and drop 1 floor!
 11937 | Lair:2   | Reached skill level 12 in Axes
 13474 | Lair:1   | Reached skill level 13 in Axes
 13892 | Lair:1   | Gained mutation: A powerful demonic guardian rushes to your
                  | aid. [demonic ancestry]
 13892 | Lair:1   | Reached XP level 13. HP: 101/101 MP: 17/17
 14457 | Lair:3   | Found a hole to the Spider Nest.
 14758 | Lair:3   | Found a staircase to the Swamp.
 15160 | Lair:4   | Reached skill level 14 in Axes
 15253 | Lair:4   | Found a staircase to the Slime Pits.
 16165 | Temple   | Entered the Ecumenical Temple
 17822 | D:12     | Reached skill level 10 in Fighting
 18018 | D:12     | Reached XP level 14. HP: 104/110 MP: 18/18
 18105 | D:12     | Found a staircase to the Orcish Mines.
 18123 | D:12     | Identified the +3 leather armour of the Doldrums {Str+4}
 18274 | D:12     | Found Bipicw's Overcharged Wands.
 18435 | Orc:1    | Entered Level 1 of the Orcish Mines
 18445 | Orc:1    | You fall into a shaft and drop 1 floor!
 18445 | Orc:2    | Entered Level 2 of the Orcish Mines
 18465 | Orc:2    | Found a staircase to the Elven Halls.
 18538 | Orc:1    | Found a transporter.
 18560 | Orc:1    | Found a transporter.
 18560 | Orc:1    | Found an ornate altar of the Wu Jian Council.
 18560 | Orc:1    | Noticed an orc warlord
 18587 | Orc:1    | Found a transporter.
 18591 | Orc:1    | Found an ornate altar of the Wu Jian Council.
 18592 | Orc:1    | Found a transporter.
 18641 | Orc:1    | Found a runed translucent gate.
 18642 | Orc:1    | Found a runed translucent gate.
 18643 | Orc:1    | Found a runed translucent gate.
 18650 | Orc:1    | Noticed a stone giant
 18650 | Orc:1    | Noticed Wuagoi's ghost (journeyman DrVM)
 18674 | Orc:1    | Noticed Maurice
 18675 | Orc:1    | Paralysed by an orc sorcerer for 5 turns
 18713 | Orc:1    | Killed Maurice
 18934 | Orc:1    | Found an iron altar of Okawaru.
 18955 | Orc:1    | Killed a stone giant
 19140 | Orc:1    | Killed Wuagoi's ghost
 19141 | Orc:1    | Reached skill level 15 in Axes
 19432 | Orc:2    | Found a burning altar of Makhleb.
 19887 | Orc:2    | Found Moczurr's Jewellery Shop.
 19889 | Orc:2    | Found Cutz's Weapon Shoppe.
 19923 | Orc:2    | Found Lusisun's Distillery.
 19923 | Orc:2    | Found Mecwuikk's Antique Armour Boutique.
 19939 | Orc:2    | Found Rurrohuf's Book Shop.
 20301 | Lair:5   | Entered Level 5 of the Lair of Beasts
 20340 | Lair:5   | Noticed Kirke
 20432 | Lair:5   | Killed Kirke
 20536 | Lair:5   | Gained mutation: You sometimes emit foul miasma when
                  | damaged in melee. [demonic ancestry]
 20536 | Lair:5   | Reached XP level 15. HP: 55/118 MP: 19/19
 20693 | Lair:5   | Found a gate leading to a gauntlet.
 20703 | Gauntlet | Entered a Gauntlet
 20703 | Gauntlet | Found a transporter.
 20703 | Gauntlet | Found a transporter.
 20724 | Gauntlet | Found a transporter.
 20740 | Gauntlet | Found a transporter.
 20754 | Gauntlet | Found a transporter.
 20767 | Gauntlet | Found a transporter.
 20770 | Gauntlet | Found a transporter.
 20849 | Gauntlet | Found a transporter.
 20862 | Gauntlet | Found a transporter.
 20878 | Gauntlet | Found a transporter.
 20891 | Gauntlet | Found a transporter.
 20907 | Gauntlet | Found a transporter.
 20974 | Gauntlet | Found a transporter.
 20984 | Gauntlet | Found a transporter.
 20994 | Gauntlet | Found a transporter.
 21032 | Gauntlet | Found a transporter.
 21303 | Lair:5   | Reached skill level 16 in Axes
 21347 | Lair:5   | Reached skill level 10 in Shields
 21966 | Lair:5   | Gained mutation: You occasionally lose the ability to read
                  | scrolls when taking damage. [potion of mutation]
 21966 | Lair:5   | Gained mutation: You have large cloven feet. [potion of
                  | mutation]
 21967 | Lair:5   | Lost mutation: You occasionally lose the ability to read
                  | scrolls when taking damage. [potion of mutation]
 21967 | Lair:5   | Lost mutation: You have large cloven feet. [potion of
                  | mutation]
 21967 | Lair:5   | Gained mutation: Your body sometimes deteriorates upon
                  | taking damage. [potion of mutation]
 21967 | Lair:5   | Gained mutation: You expend magic power (3 MP) to
                  | strengthen your wands. [potion of mutation]
 21967 | Lair:5   | Gained mutation: You occasionally lose the ability to drink
                  | potions when taking damage. [potion of mutation]
 21968 | Lair:5   | Lost mutation: You occasionally lose the ability to drink
                  | potions when taking damage. [potion of mutation]
 21968 | Lair:5   | Lost mutation: Your body sometimes deteriorates upon taking
                  | damage. [potion of mutation]
 21968 | Lair:5   | Gained mutation: You have sharp toenails. [potion of
                  | mutation]
 21968 | Lair:5   | Gained mutation: Your body sometimes deteriorates upon
                  | taking damage. [potion of mutation]
 22065 | Lair:5   | Found a runed translucent door.
 22068 | Lair:5   | Noticed a tentacled starspawn
 22077 | Lair:5   | Killed a tentacled starspawn
 22705 | D:13     | Got the Compendium of the Poisonous Blizzard
 23092 | D:13     | Found a gate to the Vaults.
 23713 | D:14     | Reached skill level 17 in Axes
 24114 | D:15     | Entered Level 15 of the Dungeon
 24185 | D:15     | Gained mutation: When seriously injured, your blood forms
                  | thick armour. (AC +9) [demonic ancestry]
 24185 | D:15     | Reached XP level 16. HP: 127/127 MP: 20/20
 24353 | D:15     | Noticed Roxanne
 24653 | D:15     | Found a staircase to the Depths.
 24873 | D:15     | Reached skill level 10 in Dodging
 25358 | Swamp:1  | Entered Level 1 of the Swamp
 25582 | Swamp:1  | Acquired 301 gold pieces
 25712 | Swamp:1  | Reached skill level 10 in Armour
 26167 | Swamp:2  | Noticed a thorn hunter
 26179 | Swamp:2  | Killed a thorn hunter
 26852 | Swamp:2  | Noticed a thorn hunter
 26863 | Swamp:2  | Killed a thorn hunter
 27272 | Spider:1 | Entered Level 1 of the Spider Nest
 27384 | Spider:1 | Noticed Jorgrun
 27394 | Spider:1 | Killed Jorgrun
 27547 | Spider:1 | Identified the +4 trident "Vecagg" {flame, rF+ rC+}
 27676 | Spider:1 | Reached skill level 5 in Throwing
 28245 | Spider:2 | Noticed Asterion
 28272 | Spider:2 | Killed Asterion
 28479 | Spider:2 | Gained mutation: Your magical and physical power is
                  | slightly enhanced at high health. [demonic ancestry]
 28479 | Spider:2 | Reached XP level 17. HP: 136/136 MP: 22/22
 28760 | Spider:2 | Noticed Agnes
 28769 | Spider:2 | Killed Agnes
 30103 | Spider:3 | Noticed Aizul
 30121 | Spider:3 | Killed Aizul
 30287 | Spider:3 | Noticed Azrael
 30302 | Spider:3 | Killed Azrael
 30813 | Spider:4 | Entered Level 4 of the Spider Nest
 31002 | Spider:4 | Reached skill level 18 in Axes
 31917 | Spider:4 | Lost mutation: You have sharp toenails. [potion of
                  | mutation]
 31917 | Spider:4 | Lost mutation: Your body sometimes deteriorates upon taking
                  | damage. [potion of mutation]
 31917 | Spider:4 | Gained mutation: Your flesh is heat resistant. (rF+)
                  | [potion of mutation]
 31917 | Spider:4 | Gained mutation: You have a somewhat thin skeletal
                  | structure. (Dex +2, Stealth+) [potion of mutation]
 31947 | Spider:4 | Got a gossamer rune of Zot
 32046 | Spider:4 | Identified the +2 ring mail of Huklapow {Rampage rPois
                  | Str-5 SInv}
 32473 | Swamp:3  | Reached skill level 5 in Spellcasting
 32718 | Swamp:3  | Reached XP level 18. HP: 140/145 MP: 25/25
 33060 | Swamp:4  | Entered Level 4 of the Swamp
 33131 | Swamp:4  | Reached skill level 5 in Poison Magic
 33249 | Swamp:4  | Reached skill level 5 in Evocations
 33520 | Swamp:4  | Got a decaying rune of Zot
 34092 | Elf:1    | Entered Level 1 of the Elven Halls
 34114 | Elf:1    | Found a radiant altar of Vehumet.
 34489 | Elf:1    | Got the Handbook of the Gathering
 34554 | Elf:1    | Identified the staff of poison "Zegg" {rPois Dex+4}
 35618 | Elf:2    | Found a runed translucent gate.
 35619 | Elf:2    | Found a runed translucent gate.
 35619 | Elf:2    | Found a runed translucent gate.
 35687 | Elf:1    | Found a radiant altar of Vehumet.
 35726 | Elf:2    | Reached skill level 15 in Fighting
 35748 | Elf:2    | Reached XP level 19. HP: 118/155 MP: 28/28
 35880 | Elf:2    | Identified the +10 trident "Vatoipim" {drain, Dex+4}
 35916 | Elf:2    | HP: 7/155 [+2 glaive of protection (19)]
 36225 | Elf:2    | Found a bloodstained altar of Trog.
 37065 | Slime:1  | Entered Level 1 of the Pits of Slime
 37070 | Slime:1  | Gained mutation: You sometimes lose your temper in combat.
                  | [a shining eye]
 37076 | Slime:1  | Gained mutation: You occasionally shout uncontrollably at
                  | your foes. [a shining eye]
 37129 | Slime:1  | Annihilated by an azure jelly

Illustrated notes

Levels and vault maps discovered:
D:1:      minmay_arrival_four_circles, layout_basic,
          ebering_ecumenical_altar_rust
D:2:      layout_loops_cross, grunt_ministairs_13, st_stairs_4,
          minmay_small_reverse_x
D:3:      layout_loops_ring, st_stairs_6, hangedman_decor_peaks_small,
          chequers_jeans, minmay_misc_feat_cross, dreamdust_wishing_well,
          uniq_ijyb
D:4:      layout_basic
D:5:      gammafunk_steamed_eel, layout_basic, minmay_temple_entry_stoned_glass,
          uniq_edmund
D:6:      layout_rooms, mainiacjoe_overflow_surrounded_room, uniq_eustachio,
          uniq_pikel
D:7:      minmay_the_grid_octo_2x2 [minmay_the_grid_octo_empty,
          minmay_the_grid_octo_shrine, minmay_the_grid_octo_checkered,
          minmay_the_grid_octo_prize_big_c], layout_rooms, enter_bailey_2
D:8:      layout_layer_cave, kennysheep_kite_vault
D:9:      layout_basic, jmf_multi_god_temple, minmay_misc_feat_tiny
D:10:     layout_long_grid, david_lair_generic, minivault_22,
          minmay_misc_feat_alley, uniq_erolcha, uniq_erica
D:11:     layout_gridville
D:12:     layout_basic, erik_orc_4, nicolae_shop_overcharged_wands
D:13:     layout_loops_cross, david_vaults_2
D:14:     layout_cave_pools, infiniplex_staircase_pool_1, minivault_27,
          grunt_decor_resistance
D:15:     grunt_enter_depths_snipers, layout_loops_ring,
          hangedman_abyss_or_decor_slice, minivault_25_ag, uniq_roxanne
Temple:   compressed_dpeg_triangle_lava_temple
Lair:1:   lemuel_ratsnest, layout_gridlike
Lair:2:   beast_lair_carwin_large_2, layout_regular_city,
          chequers_serial_rivers_micro_a
Lair:3:   layout_long_grid, nicolae_swamp_entry_splash_gauntlet,
          hellmonk_spider_entry_not_the_bees, grunt_forest_large_clearings
Lair:4:   layout_long_grid, slime_entry_1, grunt_megastairs_5
Lair:5:   evilmike_catoblepas_cave, layout_regular_city, gauntlet_entry_generic,
          pdpol_lair_cabin_in_the_woods, serial_bayou_shore_b, uniq_kirke
Swamp:1:  layout_basic_swamp, nicolae_swamp_very_dense_foliage
Swamp:2:  nicolae_swamp_husk_halls, layout_basic_swamp, nicolae_swamp_treefoil
Swamp:3:  layout_falls_marsh, nicolae_swamp_round_clearing, swamp_pool5
Swamp:4:  swamp, layout_basic_swamp, swamp_pool1
Spider:1: layout_spider_delve, uniq_jorgrun
Spider:2: layout_chambers, uniq_asterion, uniq_agnes
Spider:3: layout_spider_delve, uniq_aizul, uniq_azrael
Spider:4: grunt_spider_rune_circles, nicolae_spider_not_touching_you
Slime:1:  layout_caves
Orc:1:    dreamdust_wu_jian_sword_trials, layout_caves,
          gammafunk_ghost_fury_of_okawaru, basic_altar, uniq_maurice
Orc:2:    st_orc_open, layout_caves, serial_shops, shop, bloody_makhleb
Elf:1:    eino_elf_arrival_altar, layout_loops_corners,
          kennysheep_underground_church, minmay_elf_demonology,
          lemuel_upstairs_altar
Elf:2:    nicolae_elf_blades_crystal_corner, layout_geoelf_diagonals,
          evilmike_spriggan_trog_shrine

Skill      XL: |  1  2  3  4  5  6  7  8  9 10 11 12 13 14 15 16 17 18 19 |
---------------+----------------------------------------------------------+-----
Axes           | 2 3 4 6 7 9 10 11 13 14 15 17 18 | 18.0
Armour         | 3 4 5 6 7 8 9 10 11 | 11.8
Shields        | 3 4 5 6 7 8 9 10 11 12 13 14 | 14.0
Dodging        | 1 2 3 5 6 7 8 9 10 11 12 | 12.2
Fighting       | 4 5 6 7 8 9 10 11 13 15 | 15.4
Stealth        | 2 3 |  3.2
Throwing       | 2 3 4 5 6 |  6.4
Spellcasting   | 2 3 5 6 |  6.6
Evocations     | 2 3 4 6 |  6.2
Poison Magic   | 1 2 4 6 |  6.4

Action                     |  1- 3 |  4- 6 |  7- 9 | 10-12 | 13-15 | 16-18 | 19-21 || total
---------------------------+-------+-------+-------+-------+-------+-------+-------++-------
  Melee: War axe           |   130 |    22 |       |       |       |   692 |       ||   844
         Broad axe         |       |   134 |   188 |   517 |  1103 |   685 |   148 ||  2775
  Throw: Boomerang         |       |       |    13 |    23 |   236 |    72 |     6 ||   350
         Javelin           |       |       |       |       |       |   204 |       ||   204
         Throwing net      |       |       |       |       |       |     4 |       ||     4
  Evoke: Wand              |       |       |     1 |       |     6 |     3 |       ||    10
         Lightning rod     |       |       |       |       |       |     2 |     1 ||     3
         Tin of tremorston |       |       |       |       |       |     2 |     1 ||     3
         Box of beasts     |       |       |       |       |       |     1 |     1 ||     2
    Use: Scroll            |       |     7 |    15 |    14 |    11 |     7 |     4 ||    58
         Potion            |       |     1 |     8 |     5 |    12 |     8 |     1 ||    35
   Stab: Sleeping          |       |     1 |       |       |       |     1 |       ||     2
         Invisible         |       |       |       |    11 |     2 |       |       ||    13
         Distracted        |       |       |       |     1 |     2 |       |     1 ||     4
 Armour: Scale mail        |    69 |       |       |       |       |       |       ||    69
         Leather armour    |       |    24 |       |       |       |       |       ||    24
         Ring mail         |       |     2 |    38 |     2 |       |       |       ||    42
         Plate armour      |       |       |       |   290 |   600 |   225 |    75 ||  1190
         Swamp dragon scal |       |       |       |       |       |   364 |       ||   364
  Dodge: Dodged            |    77 |   172 |   180 |   315 |   652 |   977 |    98 ||  2471
  Block: Buckler           |    34 |    49 |    67 |    51 |       |       |       ||   201
         Kite shield       |       |       |       |   262 |   824 |   961 |    95 ||  2142

Table legend: (Time is in decaauts)
 A = Elapsed time spent in this place.
 B = Non-inter-level travel time spent in this place.
 C = Inter-level travel time spent in this place.
 D = Time resting spent in this place.
 E = Time spent auto-exploring this place.
 F = Levels seen in this place.
 G = Mean time per level.
                   A        B        C        D        E       F      G
               +--------+--------+--------+--------+--------+-----+--------+
         Total |  37686 |  34848 |   2838 |     24 |  25764 |  36 | 1046.8 |
       Dungeon |  16403 |  15003 |   1400 |      0 |  11757 |  15 | 1093.5 |
        Temple |    387 |    378 |      9 |      0 |    347 |   1 |  387.0 |
          Lair |   6251 |   5690 |    561 |     24 |   4156 |   5 | 1250.2 |
         Swamp |   3774 |   3496 |    278 |      0 |   2505 |   4 |  943.5 |
   Spider Nest |   4914 |   4662 |    252 |      0 |   3454 |   4 | 1228.5 |
    Slime Pits |     66 |     66 |      0 |      0 |     15 |   1 |   66.0 |
  Orcish Mines |   1803 |   1731 |     72 |      0 |   1026 |   2 |  901.5 |
   Elven Halls |   2786 |   2523 |    263 |      0 |   1735 |   2 | 1393.0 |
        Bailey |    713 |    713 |      0 |      0 |    470 |   1 |  713.0 |
      Gauntlet |    586 |    586 |      0 |      0 |    297 |   1 |  586.0 |
               +--------+--------+--------+--------+--------+-----+--------+

Top non-repeatable levels by time:
     D:8: 1826 daAuts
     D:5: 1718 daAuts
Spider:2: 1644 daAuts
     D:7: 1612 daAuts
  Lair:2: 1607 daAuts
  Lair:5: 1549 daAuts
   Elf:1: 1487 daAuts
    D:10: 1465 daAuts
     D:9: 1392 daAuts
   Elf:2: 1299 daAuts
Spider:4: 1253 daAuts
Spider:3: 1140 daAuts
 Swamp:2: 1083 daAuts
    D:15: 1081 daAuts
  Lair:1: 1070 daAuts
